 Dungeon Crawl Stone Soup version 0.29.0-4-gdea44cf6ec (webtiles) character file.

Game seed: 6773493971932847551

294 ImASeal the Cudgeller (level 6, -1/35 HPs)
             Began as a Gargoyle Berserker on Aug 27, 2022.
             Was a Believer of Trog.
             Slain by an ogre
             ... wielding a +0 giant club
              (20 damage)
             ... on level 4 of the Dungeon.
             The game lasted 00:19:24 (4215 turns).

ImASeal the Cudgeller (Gargoyle Berserker)          Turns: 4215, Time: 00:19:25

Health: -1/35      AC: 15    Str: 32    XL:     6   Next: 33%
Magic:  6/6        EV:  9    Int:  7    God:    Trog [**....]
Gold:   220        SH:  0    Dex:  8    Spells: 5/5 levels left

rFire   . . .      SeeInvis +   a - +0 mace
rCold   . . .      Faith    .   (no shield)
rNeg    + . .      Spirit   .   A - +0 plate armour
rPois   ∞          Reflect  .   (no helmet)
rElec   +          Harm     .   (no cloak)
rCorr   .          Rampage  .   (no gloves)
Will    +....                   (no boots)
Stlth   ..........              (no amulet)
HPRegen 0.11/turn               n - ring of see invisible
MPRegen 0.10/turn               t - +6 ring of strength

@: no status effects
A: sickness immunity, AC +4, negative energy resistance 1, electricity
resistance, torment resistance 1, petrification resistance, frail 1,
strong-willed 1, strong 1, sturdy frame 1
a: Renounce Religion, Berserk, Trog's Hand


You were on level 4 of the Dungeon.
You worshipped Trog.
Trog was pleased with you.
You visited 1 branch of the dungeon, and saw 4 of its levels.

You collected 220 gold pieces.

Inventory:

Hand Weapons
 a - a +0 mace (weapon)
 h - a +1 sling of flaming
 x - the +4 dagger "Morg" {pain, Will+ Int+5}
   (You found it on level 4 of the Dungeon)

   In the hands of one skilled in necromantic magic, it inflicts extra damage on
   living creatures.
   Int:       It affects your intelligence (+5).
   Will:      It increases your willpower.
   Trog disapproves of the use of such an item.
Missiles
 c - 42 stones (quivered)
Armour
 b - a +0 animal skin
 r - a +0 ring mail
 s - a +0 chain mail
 A - a +0 plate armour (worn)
Magical Staves
 j - a staff of earth
 y - a staff of cold
Jewellery
 n - a ring of see invisible (left hand)
 t - a +6 ring of strength (right hand)
Scrolls
 d - 4 scrolls of poison {unknown}
 e - 2 scrolls of vulnerability {unknown}
 f - 5 scrolls of identify {unknown}
 g - a scroll of enchant weapon {unknown}
 m - a scroll of noise {unknown}
 p - 6 scrolls of teleportation {unknown}
 q - a scroll of summoning {unknown}
 u - a scroll of blinking {unknown}
 v - a scroll of magic mapping {unknown}
Potions
 i - a potion of degeneration {unknown}
 k - a potion of mutation
 l - a potion of curing
 o - a potion of cancellation {unknown}
 w - a potion of flight {unknown}
 z - a potion of magic {unknown}


   Skills:
 + Level 4.5 Fighting
 + Level 5.2 Maces & Flails
 + Level 2.6 Armour
 + Level 2.7 Dodging
 + Level 1.3 Stealth


You had 5 spell levels left.
You didn't know any spells.
Your spell library contained the following spells:

 Spells                   Type           Power      Damage    Failure   Level
 Magic Dart               Conj           0%         1d3       95%         1
 Searing Ray              Conj           0%         2d4       99%         2
 Corpse Rot               Necr/Pois/Air  0%         N/A       100%        4
 Dispel Undead            Necr           0%         3d6       100%        4
 Fulminant Prism          Conj/Hex       0%         3d6       100%        4
 Death Channel            Necr           0%         N/A       100%        6


Dungeon Overview and Level Annotations

Branches:
Dungeon (4/15)             Temple (0/1) D:4

Altars:
Cheibriados
The Shining One

Shops:
D:2 (


Innate Abilities, Weirdness & Mutations

You are immune to sickness and miasma.
Your stone body is resilient. (AC +4)
You are immune to poison.
You resist negative energy. (rN+)
You are resistant to electric shocks. (rElec)
You are resistant to unholy torment.
You are immune to petrification.
You are frail. (-10% HP)
You are strong-willed. (Will+)
Your muscles are strong. (Str +4, Int/Dex -1)
Your movements are slightly less encumbered by armour. (ER -2)


Message History

You kill the goblin!
Trog accepts your kill.
No target in view!
No target in view!
You see here a book of Conjurations.
You pick up a book of Conjurations and begin reading...
You add the spells Magic Dart, Searing Ray and Fulminant Prism to your library.
Found a stone staircase leading up.
You open the door.
An orc comes into view.
It is wielding a +0 club and wearing a +2 ring mail of fire resistance.
The orc shouts!
Found a staircase to the Ecumenical Temple.
There is an open door here.
You sock the orc!
You kill the orc!
Trog accepts your kill.
No target in view!
No target in view!
Things that are here:
a +0 club; a +2 ring mail of fire resistance; an orc corpse You open the door.
Things that are here:
a +0 club; a +2 ring mail of fire resistance; an orc corpse You open the door.
There is an open door here.
An ogre comes into view. It is wielding a +0 giant club.
The ogre shouts!
An ogre is nearby!
The ogre hits you with a +0 giant club.
You completely miss the ogre. The ogre hits you with a +0 giant club!
You hit the ogre.
The ogre is lightly wounded.
You barely miss the ogre.
The ogre is lightly wounded.
The ogre barely misses you.
You closely miss the ogre.
The ogre is lightly wounded.
The ogre hits you with a +0 giant club!!
Ouch! That really hurt!
You die...

.... ##.# ###.###
......##.###......
#....#..#........
##..#....÷.......#
....##........###. ####
#..###..######... #....
#..>.............
#....!##.......#..###...
#.....O@......###.####..
#######.........##.##...
#.............###.
#.....#.##.#...# ##
#.....######...# #
#...### ##### #####


You could see an ogre.

Vanquished Creatures
  A phantom (D:4)
  A hound (D:4)
  An orc wizard (D:3)
  An iguana (D:3)
  3 adders
  4 worms (D:2)
  5 dart slugs
  5 orcs
  5 bats
  6 endoplasms
  3 giant cockroaches
  4 goblins
  12 hobgoblins
  4 jackals (D:3)
  12 kobolds
  2 quokkas
  7 ball pythons
  2 frilled lizards
  7 rats
  2 butterflies (D:4)
87 creatures vanquished.

Notes
Turn   | Place    | Note
-------+----------+-------------------------------------------
     0 | D:1      | ImASeal the Gargoyle Berserker began the quest for the Orb.
     0 | D:1      | Reached XP level 1. HP: 14/14 MP: 1/1
   154 | D:1      | Reached XP level 2. HP: 19/19 MP: 2/2
   528 | D:1      | Reached XP level 3. HP: 24/24 MP: 3/3
  1204 | D:2      | Found Xasaurph's Antique Weapon Shoppe.
  1274 | D:2      | Reached ** piety under Trog
  1352 | D:2      | Found a faded altar of an unknown god.
  1557 | D:2      | Reached XP level 4. HP: 26/29 MP: 4/4
  1610 | D:2      | Reached skill level 4 in Maces & Flails
  2368 | D:3      | Gained mutation: You have hidden genetic potential. [potion
                  | of mutation]
  2368 | D:3      | Gained mutation: You are frail. (-10% HP) [potion of
                  | mutation]
  2368 | D:3      | Gained mutation: Your muscles are strong. (Str +4, Int/Dex
                  | -1) [potion of mutation]
  2379 | D:3      | Reached skill level 1 in Stealth
  3043 | D:3      | Reached XP level 5. HP: 17/29 MP: 5/5
  3133 | D:3      | Gained mutation: You are strong-willed. (Will+) [hidden
                  | potential]
  3281 | D:3      | Found a snail-covered altar of Cheibriados.
  3593 | D:3      | Found a glowing golden altar of the Shining One.
  3840 | D:4      | Noticed a phantom
  3849 | D:4      | Killed a phantom
  3850 | D:4      | Reached skill level 5 in Maces & Flails
  3850 | D:4      | Reached XP level 6. HP: 31/35 MP: 6/6
  3892 | D:4      | Found the +4 dagger "Morg" {pain, Will+ Int+5}
  3928 | D:4      | Gained mutation: Your movements are slightly less
                  | encumbered by armour. (ER -2) [hidden potential]
  3928 | D:4      | Lost mutation: You have hidden genetic potential. [hidden
                  | potential expressed]
  4154 | D:4      | Found a staircase to the Ecumenical Temple.
  4215 | D:4      | Slain by an ogre

Illustrated notes

Levels and vault maps discovered:
D:1:      dpeg_arrival_pond, layout_loops_ring, st_stairs_14,
          kennysheep_nondescript, minmay_crystal_room
D:2:      layout_loops_ring, serial_shops, nicolae_shop_statue_plus,
          ebering_ecumenical_altar_box
D:3:      layout_rooms, mainiacjoe_overflow_paths, kennysheep_slug_shrine,
          minmay_door_square, nicolae_kite_square_tiling_tiny
D:4:      layout_cave_pools, xom_butterflies, minmay_temple_entry_glassed_door

Skill      XL: |  1  2  3  4  5 |
---------------+----------------+-----
Fighting       | 4 |  4.5
Maces & Flails | 4 5 |  5.2
Dodging        | 2 |  2.7
Stealth        | 1 |  1.3
Armour         | |  2.6

Action                   |  1- 3 |  4- 6 || total
-------------------------+-------+-------++-------
Melee: Mace              |   118 |   163 ||   281
       Punch             |       |     1 ||     1
Invok: Trog's Hand       |     1 |     1 ||     2
  Use: Potion            |       |     5 ||     5
 Stab: Sleeping          |     3 |       ||     3
Armor: Animal skin       |    48 |    21 ||    69
       Skin              |       |    37 ||    37
       Chain mail        |       |    37 ||    37
       Ring mail         |       |     1 ||     1
       Plate armour      |       |     1 ||     1
Dodge: Dodged            |    61 |    83 ||   144
